ITL
WABA DUCKS @ ALLENTOWN HILLBILLIES
09/23/2025
 
TOP OF THE 1ST
Waba Ducks batting - Pitching for Allentown Hillbillies : RHP Carlos García
Pitching: RHP Carlos García
Batting: RHB Don Keating 0-0: Foul Ball, location: 2F
0-1: Foul Ball, location: 2F
0-2: Strikes out swinging
Batting: RHB Dave Craig 0-0: Called Strike
0-1: Ground out 6-3 (Groundball, 6)
Batting: LHB Terry White 0-0: Foul Ball, location: 2F
0-1: Ball
1-1: Swinging Strike
1-2: Foul Ball, location: 2F
1-2: Foul Ball, location: 2F
1-2: Foul Ball, location: 2F
1-2: Ball
2-2: Foul Ball, location: 2F
2-2: Hit by Pitch
Batting: RHB Chris Osborn 0-0: Foul Ball, location: 2F
0-1: Ball
1-1: Ball
2-1: Foul Ball, location: 2F
2-2: SINGLE (Line Drive, 8RS)
Terry White to second
Batting: LHB Jack Hewat 0-0: Ball
1-0: Ball
2-0: Ball
3-0: Base on Balls
Terry White to third
Chris Osborn to second
Batting: RHB Ed Small 0-0: Called Strike
0-1: Called Strike
0-2: Ball
1-2: Ball
2-2: Foul Ball, location: 2F
2-2: Foul Ball, location: 2F
2-2: Strikes out looking
Top of the 1st over - 0 run(s), 1 hit(s), 0 error(s), 3 left on base; Waba 0 - Allentown 0
BOTTOM OF THE 1ST
Allentown Hillbillies batting - Pitching for Waba Ducks : RHP Will Huggins
Pitching: RHP Will Huggins
Batting: RHB Chad Huggins 0-0: Ball
1-0: Called Strike
1-1: Ball
2-1: Ball
3-1: Called Strike
3-2: Ground out 4-3 (Groundball, 4M)
Batting: LHB José Esparza 0-0: Ball
1-0: Ball
2-0: Ball
3-0: Base on Balls
Batting: RHB Diego Rivera 0-0: Ground out 5-3 (Groundball, 5S)
José Esparza to second
Batting: SHB Oliver Deleón 0-0: Called Strike
0-1: Foul Ball, location: 2F
0-2: SINGLE (Line Drive, 56D)
José Esparza to third
Runner from 3rd tries for Home, SAFE, no throw or cutoff
Batting: RHB Millard Stark 0-0: Foul Ball, location: 2F
0-1: Ball
1-1: SINGLE (Groundball, 56)
Oliver Deleón to second
Batting: RHB José Mora 0-0: Ball
1-0: Foul Ball, location: 2F
1-1: 3-RUN HOME RUN (Flyball, 7D), Distance : 355 ft
Batting: RHB Joel Jackson 0-0: Called Strike
0-1: SINGLE (Groundball, 6MD)
Batting: SHB Juan Acevado 0-0: Called Strike
0-1: Fielders Choice at 2nd, 6-4 (Groundball, 6)
Bottom of the 1st over - 4 run(s), 4 hit(s), 0 error(s), 0 left on base; Waba 0 - Allentown 4
TOP OF THE 2ND
Waba Ducks batting - Pitching for Allentown Hillbillies : RHP Carlos García
Batting: RHB Luis González 0-0: Ball
1-0: Ball
2-0: Ball
3-0: Base on Balls
Batting: RHB Ramón Torres 0-0: Called Strike
0-1: Swinging Strike
0-2: Ball
1-2: Fly out, F9 (Flyball, 9M)
Batting: RHB Roberto Pagán 0-0: SINGLE (Line Drive, 3)
Luis González to second
Runner from 2nd tries for 3rd, SAFE, throw made to third
Batting: RHB Don Keating 0-0: Ball
1-0: Foul Ball, location: 2F
1-1: Ball
2-1: Ball
3-1: Fly out, F7 (Flyball, 7S)
Batting: RHB Dave Craig 0-0: Ball
1-0: Ball
2-0: Ball
3-0: Base on Balls
Roberto Pagán to second
Batting: LHB Terry White 0-0: Ball
1-0: Ball
2-0: SINGLE (Line Drive, 8RS)
Luis González scores
Roberto Pagán to third
Dave Craig to second
Runner from 3rd tries for Home, SAFE, no throw or cutoff
Batting: RHB Chris Osborn 0-0: Called Strike
0-1: Ball
1-1: Ball
2-1: Swinging Strike
2-2: Ball
3-2: Strikes out looking
Top of the 2nd over - 2 run(s), 2 hit(s), 0 error(s), 2 left on base; Waba 2 - Allentown 4
BOTTOM OF THE 2ND
Allentown Hillbillies batting - Pitching for Waba Ducks : RHP Will Huggins
Batting: LHB Rafael Flores 0-0: Ball
1-0: Swinging Strike
1-1: Ball
2-1: Foul Ball, location: 2F
2-2: Ball
3-2: Base on Balls
Batting: RHB Chad Huggins 0-0: Ball
1-0: Grounds into double play, 6-4-3 (Groundball, 6)
Batting: LHB José Esparza 0-0: Ball
1-0: Ball
2-0: Ball
3-0: Called Strike
3-1: Base on Balls
Batting: RHB Diego Rivera 0-0: Called Strike
0-1: Ball
1-1: Ball
2-1: Foul Ball, location: 2F
2-2: Ball
3-2: SINGLE (Groundball, 4)
José Esparza to second
José Esparza to third
Batting: SHB Oliver Deleón 0-0: Foul Ball, location: 2F
0-1: Fly out, F7 (Flyball, 7M)
Bottom of the 2nd over - 0 run(s), 1 hit(s), 0 error(s), 2 left on base; Waba 2 - Allentown 4
TOP OF THE 3RD
Waba Ducks batting - Pitching for Allentown Hillbillies : RHP Carlos García
Batting: LHB Jack Hewat 0-0: Ground out U3 (Groundball, 3L)
Batting: RHB Ed Small 0-0: Called Strike
0-1: Foul Ball, location: 2F
0-2: Ball
1-2: Ball
2-2: Foul Ball, location: 2F
2-2: Foul Ball, location: 2F
2-2: SINGLE (Flyball, 8RS)
Batting: RHB Luis González 0-0: Called Strike
0-1: Foul Ball, location: 2F
0-2: Foul Ball, location: 2F
0-2: Strikes out looking
Pitching: LHP Dan Rogers
Batting: RHB Ramón Torres 0-0: Ball
1-0: Foul Ball, location: 2F
1-1: Called Strike
1-2: Foul Ball, location: 2F
1-2: Ball
Ed Small is caught stealing 2nd base
Top of the 3rd over - 0 run(s), 1 hit(s), 0 error(s), 0 left on base; Waba 2 - Allentown 4
BOTTOM OF THE 3RD
Allentown Hillbillies batting - Pitching for Waba Ducks : RHP Will Huggins
Batting: RHB Millard Stark 0-0: Fly out, F7 (Line Drive, 8LM)
Batting: RHB José Mora 0-0: Foul Ball, location: 2F
0-1: Swinging Strike
0-2: Ball
1-2: Strikes out swinging
Batting: RHB Joel Jackson 0-0: Ground out 6-3 (Groundball, 6)
Bottom of the 3rd over - 0 run(s), 0 hit(s), 0 error(s), 0 left on base; Waba 2 - Allentown 4
TOP OF THE 4TH
Waba Ducks batting - Pitching for Allentown Hillbillies : LHP Dan Rogers
Batting: RHB Ramón Torres 0-0: Ball
1-0: Ball
2-0: Ball
3-0: Called Strike
3-1: Base on Balls
Batting: RHB Roberto Pagán 0-0: Ball
Ramón Torres steals 2nd base
1-0: Ball
2-0: Ball
3-0: Called Strike
3-1: Foul Ball, location: 2F
3-2: Base on Balls
Batting: RHB Don Keating 0-0: Called Strike
Balk!
Ramón Torres to third
Roberto Pagán to second
0-1: Ball
1-1: Foul Ball, location: 2F
1-2: Ball
2-2: Foul Ball, location: 2F
2-2: Foul Ball, location: 2F
2-2: Ball
3-2: Ground out 1-3 (Groundball, 13)
Batting: RHB Dave Craig 0-0: Ball
1-0: Swinging Strike
1-1: Ball
2-1: 3-RUN HOME RUN (Flyball, 78XD), Distance : 399 ft
Pitching: LHP Alberto Maldonado
Batting: LHB Terry White 0-0: Ball
1-0: Called Strike
1-1: Swinging Strike
1-2: Ground out 1-3 (Groundball, 15)
Batting: RHB Chris Osborn 0-0: Swinging Strike
0-1: Foul Ball, location: 2F
0-2: Fly out, F9 (Flyball, 89S)
Top of the 4th over - 3 run(s), 1 hit(s), 0 error(s), 0 left on base; Waba 5 - Allentown 4
BOTTOM OF THE 4TH
Allentown Hillbillies batting - Pitching for Waba Ducks : RHP Will Huggins
Batting: SHB Juan Acevado 0-0: Ball
1-0: Ball
2-0: Fly out, F7 (Flyball, 7D)
Batting: LHB Rafael Flores 0-0: Ball
1-0: Ball
2-0: Ball
3-0: Ground out 6-3 (Groundball, 6)
Batting: RHB Chad Huggins 0-0: Called Strike
0-1: SINGLE (Flyball, 89S)
Batting: LHB José Esparza 0-0: Swinging Strike
0-1: Ball
1-1: Swinging Strike
1-2: Ball
2-2: Ball
3-2: Strikes out looking
Bottom of the 4th over - 0 run(s), 1 hit(s), 0 error(s), 1 left on base; Waba 5 - Allentown 4
TOP OF THE 5TH
Waba Ducks batting - Pitching for Allentown Hillbillies : LHP Alberto Maldonado
Batting: LHB Jack Hewat 0-0: Called Strike
0-1: SINGLE (Groundball, 56D)
Batting: RHB Ed Small 0-0: Called Strike
0-1: Swinging Strike
0-2: Ball
1-2: Foul Ball, location: 2F
1-2: Grounds into double play, 5-4-3 (Groundball, 5)
Batting: RHB Luis González 0-0: Called Strike
0-1: Ground out 4-3 (Groundball, 4)
Top of the 5th over - 0 run(s), 1 hit(s), 0 error(s), 0 left on base; Waba 5 - Allentown 4
BOTTOM OF THE 5TH
Allentown Hillbillies batting - Pitching for Waba Ducks : RHP Will Huggins
Batting: RHB Diego Rivera 0-0: Foul Ball, location: 2F
0-1: Swinging Strike
0-2: Strikes out swinging
Batting: SHB Oliver Deleón 0-0: Called Strike
0-1: SINGLE (Line Drive, 6M)
Batting: RHB Millard Stark 0-0: Called Strike
0-1: SINGLE (Line Drive, 34)
Oliver Deleón to second
Batting: RHB José Mora 0-0: Foul Ball, location: 2F
0-1: Ball
1-1: Fielders Choice at 2nd, 1-6 (Groundball, 15)
Oliver Deleón to third
Batting: RHB Joel Jackson 0-0: Foul Ball, location: 2F
0-1: Fielders Choice at 2nd, 6-4 (Groundball, 6)
Bottom of the 5th over - 0 run(s), 2 hit(s), 0 error(s), 1 left on base; Waba 5 - Allentown 4
TOP OF THE 6TH
Waba Ducks batting - Pitching for Allentown Hillbillies : LHP Alberto Maldonado
Batting: RHB Ramón Torres 0-0: Ball
1-0: Foul Ball, location: 2F
1-1: Called Strike
1-2: Foul Ball, location: 2F
1-2: Ball
2-2: SINGLE (Line Drive, 56D)
Batting: RHB Roberto Pagán 0-0: Ball
1-0: Fly out, F7 (Flyball, 7LM)
Batting: RHB Don Keating 0-0: Foul Ball, location: 2F
0-1: Ball
1-1: Ball
2-1: Ball
3-1: Called Strike
3-2: Strikes out swinging
Batting: RHB Dave Craig 0-0: Ball
1-0: Ball
2-0: Ball
3-0: Called Strike
3-1: Swinging Strike
3-2: Foul Ball, location: 2F
3-2: Foul Ball, location: 2F
3-2: Foul Ball, location: 2F
3-2: Ground out 3-1 (Groundball, 34)
Top of the 6th over - 0 run(s), 1 hit(s), 0 error(s), 1 left on base; Waba 5 - Allentown 4
BOTTOM OF THE 6TH
Allentown Hillbillies batting - Pitching for Waba Ducks : RHP Will Huggins
Batting: SHB Juan Acevado 0-0: Ball
1-0: Ball
2-0: Ball
3-0: Called Strike
3-1: Base on Balls
Batting: LHB Rafael Flores 0-0: Called Strike
0-1: Ground out 5-3 (Groundball, 5L)
Juan Acevado to second
Batting: RHB Chad Huggins 0-0: Called Strike
0-1: Called Strike
0-2: Strikes out swinging
Batting: LHB José Esparza 0-0: Swinging Strike
0-1: Foul Ball, location: 2F
0-2: Ball
1-2: Ball
2-2: Foul Ball, location: 2F
2-2: Foul Ball, location: 2F
2-2: Strikes out swinging
Bottom of the 6th over - 0 run(s), 0 hit(s), 0 error(s), 1 left on base; Waba 5 - Allentown 4
TOP OF THE 7TH
Waba Ducks batting - Pitching for Allentown Hillbillies : LHP Alberto Maldonado
Pitching: LHP Alejandro Castillo
Batting: LHB Terry White 0-0: Ball
1-0: Foul Ball, location: 2F
1-1: SINGLE (Line Drive, 8LS)
Batting: RHB Chris Osborn 0-0: Foul Ball, location: 2F
0-1: Foul Ball, location: 2F
0-2: Fly out, F4 (Line Drive, 4M)
Batting: LHB Jack Hewat 0-0: Called Strike
0-1: Ball
1-1: Called Strike
1-2: Foul Ball, location: 2F
1-2: Foul Ball, location: 2F
1-2: Foul Ball, location: 2F
1-2: Foul Ball, location: 2F
1-2: Foul Ball, location: 2F
1-2: Ball
Terry White steals 2nd base
2-2: Fly out, F8 (Flyball, 78XD)
Runner from 2nd tags up, SAFE at 3rd, no throw
Batting: RHB Ed Small 0-0: Ball
Wild Pitch!
Terry White scores
1-0: Called Strike
1-1: Foul Ball, location: 2F
1-2: Foul Ball, location: 2F
1-2: Ground out 6-3 (Groundball, 6)
Top of the 7th over - 1 run(s), 1 hit(s), 0 error(s), 0 left on base; Waba 6 - Allentown 4
BOTTOM OF THE 7TH
Allentown Hillbillies batting - Pitching for Waba Ducks : RHP Will Huggins
Batting: RHB Diego Rivera 0-0: Ball
1-0: Ball
2-0: Ball
3-0: Swinging Strike
3-1: Base on Balls
Pitching: RHP Sergio Torres
Batting: SHB Oliver Deleón 0-0: Ball
1-0: Grounds into double play, 3-6-3 (Groundball, 3)
Batting: RHB Millard Stark 0-0: Foul Ball, location: 2F
0-1: Foul Ball, location: 2F
0-2: SOLO HOME RUN (Flyball, 8LXD), Distance : 484 ft
Batting: RHB José Mora 0-0: Ball
1-0: Foul Ball, location: 2F
1-1: Ground out 5-3 (Groundball, 56)
Bottom of the 7th over - 1 run(s), 1 hit(s), 0 error(s), 0 left on base; Waba 6 - Allentown 5
TOP OF THE 8TH
Waba Ducks batting - Pitching for Allentown Hillbillies : LHP Alejandro Castillo
Batting: RHB Luis González 0-0: Ball
1-0: Called Strike
1-1: Foul Ball, location: 2F
1-2: Foul Ball, location: 2F
1-2: Foul Ball, location: 2F
1-2: Ball
2-2: Ball
3-2: Base on Balls
Batting: RHB Ramón Torres 0-0: Foul Ball, location: 2F
0-1: Swinging Strike
0-2: Grounds into double play, 4-6-3 (Groundball, 4)
Batting: RHB Roberto Pagán 0-0: Called Strike
0-1: Ball
1-1: Swinging Strike
1-2: Foul Ball, location: 2F
1-2: Ball
2-2: Strikes out swinging
Top of the 8th over - 0 run(s), 0 hit(s), 0 error(s), 0 left on base; Waba 6 - Allentown 5
BOTTOM OF THE 8TH
Allentown Hillbillies batting - Pitching for Waba Ducks : RHP Sergio Torres
Pitching: RHP Martín Ortíz
Now at 3B: Ed Hunter
Batting: RHB Joel Jackson 0-0: Ball
1-0: Ball
2-0: SINGLE (Flyball, 6MD)
Batting: SHB Juan Acevado 0-0: Bunted foul
0-1: Bunted foul
0-2: Foul Ball, location: 2F
0-2: Grounds into double play, 1-4-3 (Groundball, 13)
Pitching: LHP Tim Jenkins
Batting: LHB Rafael Flores 0-0: Ground out 6-3 (Groundball, 6)
Bottom of the 8th over - 0 run(s), 1 hit(s), 0 error(s), 0 left on base; Waba 6 - Allentown 5
TOP OF THE 9TH
Waba Ducks batting - Pitching for Allentown Hillbillies : LHP Alejandro Castillo
Batting: RHB Don Keating 0-0: SINGLE (Line Drive, 7LM)
Batting: RHB Dave Craig 0-0: Sac Bunt - play at first, batter OUT! 1-3
Don Keating to second
Batting: LHB Terry White 0-0: Called Strike
0-1: Ball
1-1: Fly out, F6 (Popup, 78S)
Pitching: LHP Nick Merrit
Batting: RHB Chris Osborn 0-0: Called Strike
0-1: Ball
1-1: Foul Ball, location: 2F
1-2: Foul Ball, location: 2F
1-2: Strikes out swinging
Top of the 9th over - 0 run(s), 1 hit(s), 0 error(s), 1 left on base; Waba 6 - Allentown 5
BOTTOM OF THE 9TH
Allentown Hillbillies batting - Pitching for Waba Ducks : LHP Tim Jenkins
Pitching: RHP Jared Cameron
Pinch Hitting: RHB Francisco Ibarra 0-0: Ball
1-0: Swinging Strike
1-1: Swinging Strike
1-2: Ball
2-2: Strikes out swinging
Batting: LHB José Esparza 0-0: Called Strike
0-1: Ball
1-1: Foul Ball, location: 2F
1-2: Ball
2-2: Foul Ball, location: 2F
2-2: Fly out, F4 (Line Drive, 34)
Batting: RHB Diego Rivera 0-0: Fly out, F8 (Popup, 89S)
Bottom of the 9th over - 0 run(s), 0 hit(s), 0 error(s), 0 left on base; Waba 6 - Allentown 5
This league is powered by Out of the Park Baseball, the baseball management simulation game for PC, Mac and Linux
Tuesday, August 2nd, 2016 - OOTP Baseball 16.8 Build 38